 Dungeon Crawl Stone Soup version 0.23-a0-565-g3e74e4c (console) character file.

31 Duffy the Skirmisher (level 3, 0/34 HPs)
             Began as a Naga Fighter on Dec 13, 2018.
             Slain by a goblin
             ... wielding a +0 club
             ... led by Robin
              (7 damage)
             ... on level 2 of the Dungeon.
             The game lasted 00:00:37 (485 turns).

Duffy the Skirmisher (Naga Fighter)                  Turns: 485, Time: 00:00:38

Health: 0/34       AC:  4    Str: 19    XL:     3   Next: 22%
Magic:  3/3        EV:  5    Int:  8    God:
Gold:   25         SH:  9    Dex: 10    Spells: 2/2 levels left

rFire    . . .     SeeInvis +   a - +0 war axe
rCold    . . .     Gourm    .   c - +0 shield
rNeg     + . .     Faith    .   b - +0 scale mail
rPois    +         Spirit   .   (no helmet)
rElec    .         Reflect  .   (no cloak)
rCorr    .         Harm     .   (no gloves)
MR       .....                  (no barding)
Stlth    ..........             (no amulet)
HPRegen  0.11/turn              h - ring of positive energy
MPRegen  0.08/turn              (no ring)

@: short of breath, very slow
A: large, see invisible, deformed body, poison resistance, slowness 2, slow
metabolism 1, spit poison 1, AC +1
a: Spit Poison


You were on level 2 of the Dungeon.
You were not hungry.

You visited 1 branch of the dungeon, and saw 2 of its levels.

You collected 25 gold pieces.

Inventory:

Hand Weapons
 a - a +0 war axe (weapon)
Armour
 b - a +0 scale mail (worn)
 c - a +0 shield (worn)
Jewellery
 h - a ring of positive energy (left hand)
Scrolls
 e - a scroll of magic mapping {unknown}
Potions
 d - a potion of might
Comestibles
 f - a ration
 g - 3 chunks of flesh


   Skills:
 - Level 3.0 Fighting
 + Level 2.9 Axes
 - Level 2.4 Armour
 + Level 3.0 Shields


You had 2 spell levels left.
You didn't know any spells.
Your spell library was empty.

Dungeon Overview and Level Annotations

Branches:
Dungeon (2/15)

Altars:


Innate Abilities, Weirdness & Mutations

You cannot wear boots.
Your serpentine skin is tough. (AC +1)
You have supernaturally acute eyesight. (SInv)
Armour fits poorly on your strangely shaped body.
Your system is resistant to poisons. (rPois)
You cover ground very slowly.
You have a slow metabolism.
You can spit poison.


Message History

Robin roars a battlecry!
The goblins go into a battle-frenzy!
The goblin hits you with a +0 club.
You barely miss Robin.
Robin is heavily wounded.
You closely miss the goblin. You block Robin's attack.
The goblin hits you with a +0 club.
Press: ? - help, Shift-Dir - straight line, f/p - Robin
Aim: Robin, wielding a +1 whip of freezing, wearing a cursed +0 animal skin and The splash of poison hits Robin.
Robin is poisoned.
Robin is almost dead.
You feel slightly more hungry.
You kill Robin!
Your Shields skill increases to level 3!
You have reached level 3!
Your experience leads to an increase in your attributes!
Increase (S)trength, (I)ntelligence, or (D)exterity?
You feel stronger.
Your skin feels tougher.
The goblin hits you with a +0 club!
You die... .g####### gggg..g)#

######r#
#...<#@#
##.###g#
#.....#
#######


You could see a hobgoblin, a goblin and a rat.

Vanquished Creatures
  Robin (D:2)
  A dart slug (D:1)
  3 bats (D:1)
  5 goblins
  3 hobgoblins (D:1)
  A kobold (D:1)
  A frilled lizard (D:1)
  3 rats (D:1)
18 creatures vanquished.

Notes
Turn   | Place    | Note
-------+----------+-------------------------------------------
     0 | D:1      | Duffy the Naga Fighter began the quest for the Orb.
     0 | D:1      | Reached XP level 1. HP: 21/21 MP: 1/1
    80 | D:1      | Reached XP level 2. HP: 18/28 MP: 2/2
   470 | D:2      | Identified the +2 helmet of Guciysut {MR++ Regen+}
   470 | D:2      | Noticed Robin
   485 | D:2      | Killed Robin
   485 | D:2      | Reached XP level 3. HP: 7/34 MP: 3/3
   485 | D:2      | Slain by a goblin

Vault maps used:
D:1:      dpeg_arrival_tiny_a
D:2:      uniq_jessica, uniq_robin

Skill      XL: |  1  2 |
---------------+-------+-----
Shields        | 3 |  3.0
Fighting       | |  3.0
Axes           | |  2.9
Armour         | |  2.4

Action                   || total
-------------------------++-------
Melee: War axe           ||    40
 Abil: Spit Poison       ||     2
Armor: Scale mail        ||    24
Dodge: Dodged            ||    18
Block: Shield            ||    19

Table legend:
 A = Non-vault XP
 B = Vault XP
 C = Vault XP percentage of total XP
 D = Non-vault monster count
 E = Vault monster count
 F = Vault count percentage of total count
                 A         B        C        D         E       F
            +---------+---------+-------+---------+---------+-------
      Total |      24 |      21 |  46.7 |      14 |       4 |  22.2
            +---------+---------+-------+---------+---------+-------
        D:1 |      24 |       0 |   0.0 |      14 |       0 |   0.0
        D:2 |       0 |      21 | 100.0 |       0 |       4 | 100.0
            +---------+---------+-------+---------+---------+-------
